 Dungeon Crawl Stone Soup version 0.26-a0-712-ga5a9c9c9d0 (webtiles) character file.

Game seed: 6658649373636029842

750 kae the Changer (level 7, 0/46 HPs)
             Began as an Octopode Transmuter on Nov 5, 2020.
             Was a Follower of Cheibriados.
             Slain by an orc warrior
             ... wielding a +0 trident
              (13 damage)
             ... on level 5 of the Dungeon.
             The game lasted 00:05:49 (7079 turns).

kae the Changer (Octopode Transmuter)               Turns: 7079, Time: 00:05:49

Health: 0/46       AC:  2    Str: 12 (13) XL:     7   Next: 78%
Magic:  8/11       EV: 22    Int: 14 (15) God:    Cheibriados [*.....]
Gold:   259        SH:  0    Dex: 20      Spells: 3/12 levels left

rFire    . . .     SeeInvis .     - Unarmed
rCold    . . .     Faith    .   (shield currently unavailable)
rNeg     . . .     Spirit   .   (helmet currently unavailable)
rPois    .         Reflect  .   (no amulet)
rElec    .         Harm     .   k - ring of poison resistance
rCorr    .         Rampage  .   (no ring)
MR       .....                  (no ring)
Stlth    ++........             (no ring)
HPRegen  0.15/turn              (no ring)
MPRegen  0.12/turn              (no ring)
                                (no ring)
                                (no ring)

@: spider-form, very slow
A: tiny, almost no armour, stealthy swim, (amphibious), 8 rings, (constrict 8),
dopey 1
a: End Transformation, Bend Time, Renounce Religion


You were on level 5 of the Dungeon.
You worshipped Cheibriados.
Cheibriados was aware of your devotion.
You were a venomous arachnid creature.
You visited 2 branches of the dungeon, and saw 6 of its levels.

You collected 259 gold pieces.

Inventory:

Jewellery
 k - a ring of poison resistance (left front leg)
Scrolls
 a - a scroll of fear
 c - 2 scrolls of remove curse
 e - a scroll of blinking
 f - 3 scrolls of enchant armour
 g - a scroll of magic mapping
 i - a scroll of teleportation {unknown}
Potions
 b - a potion of might
 d - a potion of resistance {unknown}
 h - a potion of flight
 j - a potion of heal wounds {unknown}
 l - a potion of brilliance {unknown}


   Skills:
 + Level 3.3 Fighting
 + Level 3.7 Dodging
 + Level 4.5 Unarmed Combat
 - Level 3.0 Spellcasting
 * Level 4.8 Transmutations
 + Level 3.1 Poison Magic


You had 3 spell levels left.
You knew the following spells:

 Your Spells              Type           Power        Failure   Level
a - Beastly Appendage     Tmut           ###...       11%         1
b - Spider Form           Tmut/Pois      ##........   28%         3
c - Blade Hands           Tmut           ###.......   82%         5

Your spell library contained the following spells:

 Spells                   Type           Power        Failure   Level
 Wereblood                Tmut           ###.....     13%         2
 Magic Dart               Conj           #...         43%         1
 Searing Ray              Conj           #.....       54%         2
 Dazzling Flash           Conj/Hex       #.....       75%         3
 Ice Form                 Ice/Tmut       #.......     80%         4
 Fulminant Prism          Conj/Hex       #.........   98%         4
 Iskenderun's Mystic Bla  Conj/Tloc      #.......     98%         4


Dungeon Overview and Level Annotations

Branches:
Dungeon (5/15)             Temple (1/1) D:4

Altars:
Ashenzari
Cheibriados
Elyvilon
Fedhas
Kikubaaqudgha
Makhleb
Nemelex Xobeh
Okawaru
Qazlal
Ru
Sif Muna
Trog
Uskayaw
Vehumet
Wu Jian
Xom
Yredelemnul
Zin
The Shining One


Innate Abilities, Weirdness & Mutations

You cannot wear most types of armour.
You are very stealthy in the water. (Stealth+)
((You are amphibious.))
You can wear up to eight rings at the same time.
((You can use your tentacles to constrict eight enemies at once.))
((Your skin changes colour to match your surroundings (Stealth+).))
((Your rubbery body absorbs attacks. (AC +1, EV +1)))
((You are partially covered in thin metallic scales. (AC +2)))
You are dopey. (Int -2)


Message History

Confirm with . or Enter, or press ? or * to list all spells.
Your tentacle spike disappears.
You turn into a venomous arachnid creature.
The orc warrior barely misses you.
The orc warrior hits you with a +0 trident!
* * * LOW HITPOINT WARNING * * *
The orc warrior barely misses you.
Items here: )) [ ††.
You hit the orc warrior.
The orc warrior is poisoned.
The orc warrior is moderately wounded.
You hit the orc warrior but do no damage.
The orc warrior looks as sick as possible!
The orc warrior is moderately wounded.
The orc warrior closely misses you.
Okay, then.
You hit the orc warrior.
The orc warrior looks as sick as possible!
The orc warrior is heavily wounded.
The orc warrior hits you with a +0 trident!
You die...

..................#
######.#########.#
#?....)# #..
######.#..).########(
#......#....+.)...().
#.#....#....#######..
+....#....# #..
#....#.#### #..
#.s)!#.# #.. #.o..+.#
#.. #....## #..
.....# ### .##
......# #... ##.....#
#..# ###+### #..# #
#..# #


You could see an orc warrior (extremely poisoned).

Vanquished Creatures
  A phantom (D:4)
  2 centaurs (D:5)
  A howler monkey (D:4)
  A jelly (D:5)
  5 orc wizards
  An orc priest (D:5)
  An iguana (D:4)
  A worker ant (D:4)
  Robin (D:2)
  8 adders
  2 oozes (D:1)
  3 worms
  3 dart slugs
  4 leopard geckos
  13 orcs
  6 giant cockroaches
  9 goblins
  11 hobgoblins
  8 jackals
  3 quokkas
  2 ball pythons
  7 bats
  2 frilled lizards (D:2)
  3 kobolds
  13 rats
111 creatures vanquished.

Notes
Turn   | Place    | Note
-------+----------+-------------------------------------------
     0 | D:1      | kae the Octopode Transmuter began the quest for the Orb.
     0 | D:1      | Reached XP level 1. HP: 13/13 MP: 3/3
   198 | D:1      | Reached XP level 2. HP: 12/18 MP: 5/5
   688 | D:1      | Reached XP level 3. HP: 23/23 MP: 4/6
  1420 | D:2      | Gained mutation: You are dopey. (Int -2) [potion of
                  | mutation]
  1420 | D:2      | Gained mutation: You are partially covered in thin metallic
                  | scales. (AC +2) [potion of mutation]
  1444 | D:2      | Noticed Robin
  1450 | D:2      | Killed Robin
  1462 | D:2      | Reached XP level 4. HP: 25/29 MP: 5/7
  1467 | D:2      | Learned a level 3 spell: Spider Form
  2657 | D:2      | Noticed a moth of wrath
  2660 | D:2      | Found a bloodstained altar of Trog.
  2966 | D:3      | Reached XP level 5. HP: 29/34 MP: 6/9
  3043 | D:3      | Found a glowing silver altar of Zin.
  3043 | D:3      | Found a glowing golden altar of the Shining One.
  3043 | D:3      | Found a white marble altar of Elyvilon.
  3438 | D:3      | Found a faded altar of an unknown god.
  3447 | D:3      | Reached skill level 1 in Poison Magic
  3920 | D:4      | Found a staircase to the Ecumenical Temple.
  3944 | Temple   | Entered the Ecumenical Temple
  4414 | D:4      | Learned a level 5 spell: Blade Hands
  4426 | D:4      | Found a burning altar of Makhleb.
  4477 | D:4      | Found a snail-covered altar of Cheibriados.
  4486 | D:4      | Became a worshipper of Cheibriados the Contemplative
  4493 | D:4      | Reached XP level 6. HP: 33/41 MP: 8/10
  5063 | D:4      | Noticed a phantom
  5130 | D:4      | Killed a phantom
  5389 | D:4      | Found a shimmering blue altar of Sif Muna.
  5501 | D:4      | Reached XP level 7. HP: 8/45 MP: 8/11
  6087 | D:4      | Found a radiant altar of Vehumet.
  6088 | D:4      | Found an ancient bone altar of Kikubaaqudgha.
  6127 | D:5      | Entered Level 5 of the Dungeon
  6765 | D:5      | Found a glowing golden altar of the Shining One.
  6831 | D:5      | Found a broken altar of Ashenzari.
  6865 | D:5      | Reached * piety under Cheibriados
  7079 | D:5      | Slain by an orc warrior

Illustrated notes

Levels and vault maps discovered:
D:1:      dpeg_cavernosity, layout_basic
D:2:      layout_loops_corners, tgw_trog, uniq_robin
D:3:      layout_loops_cross, good_gods_mini_temple,
          chequers_ecumenical_altar_simple_redux, grunt_decor_one_mirror,
          saegor_snake_ambush
D:4:      layout_cave_pods, kennysheep_mini, gammafunk_temple_overflow_statue,
          nicolae_overflow_crystal_walls, kennysheep_slug_shrine,
          minmay_temple_entry_slanted, kennysheep_generic_room_11
D:5:      layout_basic, nicolae_overflow_hidden_temple, serial_corexii_hall,
          corexii_hall_statues_l, chequers_hall_statues_wall_a,
          chequers_hall_statues_wall_a, corexii_hall_statues_s, basic_altar
Temple:   jpeg_temple_island

Skill      XL: |  1  2  3  4  5  6  7 |
---------------+----------------------+-----
Fighting       | 2 3 |  3.3
Transmutations | 3 4 |  4.8
Poison Magic   | 1 2 3 |  3.1
Dodging        | 3 |  3.7
Unarmed Combat | 4 |  4.5
Spellcasting   | 3 |  3.0

Action                   |  1- 3 |  4- 6 |  7- 9 || total
-------------------------+-------+-------+-------++-------
Melee: Unarmed           |    66 |   168 |    53 ||   287
       Constrict         |    21 |    39 |    11 ||    71
       Tentacles         |    13 |    29 |    12 ||    54
       Kick              |    11 |    38 |    10 ||    59
       Punch             |       |       |     1 ||     1
 Cast: Beastly Appendage |    17 |    31 |     9 ||    57
       Spider Form       |       |     2 |     2 ||     4
  Use: Scroll            |     7 |     6 |       ||    13
       Potion            |     1 |     3 |       ||     4
 Stab: Sleeping          |     5 |    11 |     1 ||    17
Armor: Skin              |     3 |    27 |     4 ||    34
Dodge: Dodged            |    34 |   113 |    42 ||   189

Table legend: (Time is in decaauts)
 A = Elapsed time spent in this place.
 B = Non-inter-level travel time spent in this place.
 C = Inter-level travel time spent in this place.
 D = Time resting spent in this place.
 E = Time spent auto-exploring this place.
 F = Levels seen in this place.
 G = Mean time per level.
                   A        B        C        D        E       F      G
               +--------+--------+--------+--------+--------+-----+--------+
         Total |   7360 |   7225 |    135 |    499 |   5856 |   6 | 1226.7 |
       Dungeon |   6898 |   6780 |    118 |    499 |   5412 |   5 | 1379.6 |
        Temple |    461 |    445 |     16 |      0 |    444 |   1 |  461.0 |
               +--------+--------+--------+--------+--------+-----+--------+

Top non-repeatable levels by time:
     D:4: 2001 daAuts
     D:2: 1532 daAuts
     D:1: 1215 daAuts
     D:3: 1122 daAuts
     D:5: 1026 daAuts
  Temple: 461 daAuts
